 Dungeon Crawl Stone Soup version 0.32-a0-128-g77eb882913 (webtiles) character file.

Game seed: 2396268001958739738

15 RepHenryClay the Grasshopper (level 2, 0/26 HPs)
             Began as a Gnoll Warper on Feb 7, 2024.
             Killed from afar by Natasha (11 damage)
             ... with a puff of flame
             ... on level 2 of the Dungeon.
             The game lasted 00:00:50 (653 turns).

RepHenryClay the Grasshopper (Gnoll Warper)          Turns: 653, Time: 00:00:51

Health: 0/26       AC:  4    Str: 10    XL:     2   Next: 50%
Magic:  7/7        EV: 12    Int: 12    God:
Gold:   31         SH:  0    Dex: 11    Spells: 10/10 levels left

rFire   . . .        a - +0 mace
rCold   . . .        (no shield)
rNeg    . . .        b - +0 leather armour
rPois   .            (no helmet)
rElec   .            (no cloak)
rCorr   .            i - +0 pair of gloves
SInv    .            (no boots)
Will    .....        (no amulet)
Stlth   +            (no ring)
HPRegen 0.24/turn    (no ring)
MPRegen 0.10/turn

%: no passive effects
@: slowed, very slow
A: fangs 1, strong nose, distributed training
a: no special abilities


You were on level 2 of the Dungeon.
You visited 1 branch of the dungeon, and saw 2 of its levels.

You collected 31 gold pieces.

Inventory:

Hand Weapons
 a - a +0 mace (weapon)
Missiles
 d - 5 darts of dispersal (quivered)
Armour
 b - a +0 leather armour (worn)
 i - a +0 pair of gloves (worn)
Scrolls
 c - a scroll of blinking
 e - 2 scrolls of teleportation {unknown}
 f - 2 scrolls of identify {unknown}
Potions
 g - a potion of enlightenment {unknown}
 h - a potion of berserk rage {unknown}
 j - a potion of mutation {unknown}
 k - a potion of invisibility {unknown}


   Skills:
 + Level 4.5 Fighting
 + Level 0.5 Short Blades
 + Level 0.5 Long Blades
 + Level 0.5 Axes
 + Level 4.5 Maces & Flails
 + Level 0.5 Polearms
 + Level 0.5 Staves
 + Level 0.5 Ranged Weapons
 + Level 2.5 Throwing
 + Level 2.5 Armour
 + Level 4.5 Dodging
 + Level 0.5 Stealth
 + Level 0.5 Shields
 + Level 0.5 Unarmed Combat
 + Level 4.9 Spellcasting
 + Level 0.3 Conjurations
 + Level 0.3 Hexes
 + Level 0.3 Summonings
 + Level 0.3 Necromancy
 + Level 5.3 Translocations
 + Level 0.3 Fire Magic
 + Level 0.3 Ice Magic
 + Level 0.3 Air Magic
 + Level 0.3 Earth Magic
 + Level 0.3 Alchemy
 + Level 0.6 Invocations
 + Level 0.5 Evocations
 + Level 0.4 Shapeshifting


You had 10 spell levels left.
You didn't know any spells.
Your spell library contained the following spells:

 Spells                   Type           Power      Damage    Failure   Level
 Blink                    Tloc           30%        N/A       4%          2
 Lesser Beckoning         Tloc           30%        N/A       4%          2
 Teleport Other           Tloc           15%        N/A       9%          3
 Manifold Assault         Tloc           15%        N/A       28%         4
 Cigotuvi's Dreadful Rot  Necr/Alch/Air  6%         N/A       34%         2
 Summon Ice Beast         Ice/Summ       3%         N/A       56%         3
 Vhi's Electric Charge    Tloc/Air       18%        N/A       63%         4
 Dispel Undead            Necr           3%         3d7       92%         4
 Martyr's Knell           Necr/Summ      3%         N/A       92%         4
 Summon Mana Viper        Hex/Summ       3%         N/A       99%         5
 Death Channel            Necr           1%         N/A       100%        6
 Monstrous Menagerie      Summ           1%         N/A       100%        7


Dungeon Overview and Level Annotations

Branches:
Dungeon (2/15)

Altars:

Annotations:
D:2 Natasha


Innate Abilities, Weirdness & Mutations

You have very sharp teeth.
Your uncanny sense of smell can sniff out nearby items.
Your experience applies equally to all skills.


Message History

No target in view!
HP restored.
Found 7 stones.
No target in view!
Natasha, Servant of Life and Death comes into view.
She is carrying a wand of flame.
Found a stone staircase leading up.
Natasha hisses angrily.
Natasha growls.
Natasha stares at you and mumbles some strange words.
You feel yourself slow down.
You see here a book of Decay.
Natasha is nearby!
You pick up a book of Decay and begin reading...
You add the spells Cigotuvi's Dreadful Rot, Dispel Undead, Martyr's Knell and Death Channel to your library.
Natasha casts a spell at you. You resist with significant effort.
Natasha zaps a wand.
The puff of flame hits you!
Huge Dmg: -34%(-9hp) hp: 66%(17hp) Natasha zaps a wand.
The puff of flame hits you.
Huge Dmg: -23%(-6hp) hp: 43%(11hp) Natasha stares at you and mumbles some strange words.
The magic dart hits you.
* * * LOW HITPOINT WARNING * * *
Damage: -8%(-2hp) hp: 39%(10hp) Level annotation: Natasha Welcome back, RepHenryClay the Gnoll Warper.
Press ? for a list of commands and other information.
Throw: 7 darts (disperse)
Press: ? - help, Shift-Dir - straight line, f - Natasha
Aim: Natasha, carrying a wand of flame (47% to hit)
You throw a dart of dispersal.
The dart of dispersal barely misses Natasha.
Throw: 6 darts (disperse)
Press: ? - help, Shift-Dir - straight line, f/p - Natasha
Aim: Natasha, carrying a wand of flame (47% to hit)
You throw a dart of dispersal.
The dart of dispersal barely misses Natasha.
Natasha zaps a wand.
The puff of flame hits you!
You die...
Natasha curls up and begins to purr.

### ######.# #......#
##.###.# #..<#.##########
#####.#........############
#.....#.######..@.........#
#.#####.# #.........(..+
#.......# #............#
######### #.....h.........
#................
#...............<
#..............#.
....#########+#... .##. ...


You could see Natasha.

Vanquished Creatures
  A dart slug (D:2)
  2 endoplasms
  A hobgoblin (D:1)
  2 quokkas (D:1)
  A ball python (D:1)
  3 goblins (D:1)
  2 rats (D:1)
12 creatures vanquished.

Notes
Turn   | Place    | Note
-------+----------+-------------------------------------------
     0 | D:1      | RepHenryClay the Gnoll Warper began the quest for the Orb.
     0 | D:1      | Reached XP level 1. HP: 20/20 MP: 6/6
   493 | D:1      | Reached XP level 2. HP: 26/26 MP: 7/7
   645 | D:2      | Noticed Natasha
   653 | D:2      | Killed from afar by Natasha

Illustrated notes

Levels and vault maps discovered:
D:1:      matt_arrival_debris, layout_basic
D:2:      kennysheep_big_flooded_room, layout_basic, serial_shops,
          nicolae_shop_overgrown_old_shop, uniq_natasha

Action                     || total
---------------------------++-------
  Melee: Mace              ||    30
         Punch             ||     1
  Throw: Dart              ||     2
 Armour: Leather armour    ||    17
  Dodge: Dodged            ||    13

Table legend: (Time is in decaauts)
 A = Elapsed time spent in this place.
 B = Non-inter-level travel time spent in this place.
 C = Inter-level travel time spent in this place.
 D = Time resting spent in this place.
 E = Time spent auto-exploring this place.
 F = Levels seen in this place.
 G = Mean time per level.
                   A        B        C        D        E       F      G
               +--------+--------+--------+--------+--------+-----+--------+
         Total |    661 |    645 |     16 |      0 |    538 |   2 |  330.5 |
       Dungeon |    661 |    645 |     16 |      0 |    538 |   2 |  330.5 |
               +--------+--------+--------+--------+--------+-----+--------+

Top non-repeatable levels by time:
     D:1: 588 daAuts
     D:2: 73 daAuts
